Map: Odyssée EC

Players

turbopete - Winner!

  • Race: Terran Terran
  • League: Gold
  • Spawn Location: 5:00

zidar

  • Race: Zerg Zerg
  • League: Gold
  • Spawn Location: 11:00

VOD

Have the link to the VOD?

Description

Time

  • Played on: Sept. 1, 2017, 11:04 a.m.
  • Length: 7:50
Show
View Real Time Build Order
Export as new Build Order

turbopete Terran - Winner!

Build Orders: Command Center First (CC) 

Get SALT Encoding   

  12  0:01  SCV  
  13  0:14  SCV  
  14  0:20  Supply Depot  
  14  0:26  SCV  
  15  0:42  SCV  
  16  0:54  SCV  
  17  1:01  Command Center  
  17  1:09  Refinery  
  17  1:14  SCV  
  18  1:30  Barracks  
  18  1:34  SCV  
  19  1:50  SCV  
  20  2:16  Orbital Command  
  20  2:17  Orbital Command  
  20  2:26  Refinery  
  20  2:27  Barracks Reactor  
  20  2:32  Barracks  
  20  2:41  Refinery  
  20  2:42  SCV  
  21  2:52  Supply Depot  
  21  3:01  Factory, SCV x2  
  21  3:04  Marine x2  
  25  3:13  SCV x2  
  27  3:22  Barracks Tech Lab  
  27  3:25  SCV  
  28  3:28  SCV, Supply Depot  
  28  3:29  Marine x2  
  31  3:38  SCV  
  32  3:41  Engineering Bay  
  32  3:42  SCV  
  32  3:47  Factory Tech Lab  
  33  3:50  SCV  
  33  3:52  Marine x2  
  36  3:56  Marauder  
  36  4:00  SCV  
  36  4:02  SCV  
  40  4:06  Siege Tank  
  40  4:08  Terran Infantry Weapons Level 1  
  43  4:14  Starport  
  43  4:15  SCV  
  44  4:17  SCV  
  44  4:21  Marine x2  
  47  4:31  Marauder  
  49  4:33  SCV x2  
  51  4:39  Marine x2  
  51  4:40  Supply Depot  
  51  4:41  Supply Depot  
  53  4:47  SCV  
  54  4:57  Starport Reactor  
  54  5:02  Marine x2, Marauder, SCV, Siege Tank  
  54  5:03  Supply Depot  
  54  5:04  SCV  
  63  5:10  Refinery  
  63  5:14  SCV  
  63  5:18  SCV  
  63  5:19  Barracks  
  65  5:23  Armory, Barracks  
  65  5:24  Armory  
  65  5:27  Supply Depot  
  65  5:28  Marine x2  
  67  5:29  Marauder  
  63  5:47  Marine x2  
  63  5:48  Medivac x2  
  69  5:53  Marauder  
  69  5:54  Siege Tank  
  74  5:58  SCV x2  
  76  6:06  Marine x2  
  76  6:10  Barracks Tech Lab  
  78  6:11  Barracks Reactor  
  76  7:00  Marine x2  
  76  7:01  Marine x2  
  74  7:02  Marauder x2  
  74  7:03  Medivac x2  
  83  7:16  Engineering Bay  
  83  7:18  Marine  
  83  7:20  Command Center  
  83  7:21  Barracks  
  84  7:24  Marine x2, Factory  
  84  7:25  Barracks  
  86  7:31  Supply Depot  
  86  7:32  Supply Depot  
  86  7:34  Supply Depot  
  86  7:35  Supply Depot  
Show
View Real Time Build Order
Export as new Build Order

zidar Zerg 

Build Orders: Pool First 

Get SALT Encoding   

  12  0:01  Drone  
  13  0:13  Overlord  
  13  0:16  Drone  
  14  0:31  Drone x2  
  14  0:35  Drone  
  17  0:49  Spawning Pool  
  16  0:50  Drone  
  17  1:13  Hatchery  
  17  1:16  Drone  
  17  1:20  Extractor  
  17  1:22  Drone  
  17  1:38  Queen  
  19  1:44  Overlord  
  19  1:46  Drone  
  19  2:09  Roach Warren  
  18  2:17  Queen  
  20  2:26  Extractor  
  19  2:31  Drone x4  
  23  2:51  Roach  
  23  2:52  Drone x3  
  28  3:00  Metabolic Boost  
  28  3:11  Drone x3  
  32  3:20  Ravager  
  32  3:24  Roach x2  
  36  3:30  Overlord  
  36  3:42  Overlord, Spore Crawler  
  36  3:47  Drone  
  37  4:02  Roach x5  
  47  4:28  Roach  
  47  4:29  Roach  
  51  4:32  Overlord x3  
  51  4:33  Overlord  
  51  4:41  Ravager  
  52  4:54  Roach  
  52  4:55  Roach x5  
  64  5:00  Ravager  
  65  5:14  Roach  
  65  5:15  Roach x4  
  61  5:50  Ravager  
  61  5:54  Drone x11  
  73  6:00  Extractor  
  73  6:02  Extractor  
  71  6:15  Ravager x4  
  71  6:17  Hatchery  
  74  6:19  Roach x3  
  80  6:26  Evolution Chamber  
  79  6:36  Drone x2  
  79  6:39  Lair  
  68  7:01  Roach x8  
  65  7:17  Roach x4  
  73  7:25  Zergling x8  
  73  7:29  Ravager  
  80  7:30  Ravager x2  
Tags
 
Add a new tag
Caveats
  • Supply blocks, unpowered buildings, or Contaminate may cause inaccurate times.
  • Supply counts are checked every 10 seconds.